 Dungeon Crawl Stone Soup version 0.25-a0-632-g7713895373 (webtiles) character file.

Game seed: 8166445422700489584, levelgen mode: classic

1246 EnegeticOcto the Slasher (level 8, -4/55 HPs)
             Began as an Octopode Fighter on Mar 19, 2020.
             Was an Initiate of Ru.
             Slain by a centaur (8 damage)
             ... on level 5 of the Dungeon.
             The game lasted 00:03:33 (5503 turns).

EnegeticOcto the Slasher (Octopode Fighter)         Turns: 5503, Time: 00:03:33

Health: -4/55      AC:  1    Str: 15    XL:     8   Next: 50%
Magic:  8/8        EV: 14    Int: 11    God:    Ru [......]
Gold:   354        SH: 10    Dex: 13    Spells: 7/7 levels left

rFire    . . .     SeeInvis .   a - +1 long sword
rCold    . . .     Gourm    +   b - +1 kite shield
rNeg     . . .     Faith    .   (helmet restricted)
rPois    .         Spirit   .   s - amulet of the gourmand
rElec    .         Reflect  .   (no ring)
rCorr    .         Harm     .   (no ring)
MR       .....                  (no ring)
Stlth    ++........             (no ring)
HPRegen  0.18/turn              (no ring)
MPRegen  0.11/turn              (no ring)
                                (no ring)
                                (no ring)

@: no status effects
A: almost no armour, stealthy swim, amphibious, 8 rings, constrict 8, camouflage
1, gelatinous body 1
a: Renounce Religion


You were on level 5 of the Dungeon.
You worshipped Ru.
Ru was noncommittal.
You were full.

You visited 2 branches of the dungeon, and saw 6 of its levels.
You also visited: Sewer.

You collected 354 gold pieces.

Inventory:

Hand Weapons
 a - a +1 long sword (weapon)
Armour
 b - a +1 kite shield (worn)
Jewellery
 s - an amulet of the gourmand (around mantle)
Wands
 g - a wand of iceblast (9)
 o - a wand of polymorph (9)
Scrolls
 f - 3 scrolls of identify {@r1}
 l - 3 scrolls of blinking {@r3}
 n - 2 scrolls of remove curse {@r6}
 q - 3 scrolls of magic mapping {@r5}
 r - a scroll of immolation {@r4}
 t - 3 scrolls of fear
 u - 3 scrolls of teleportation {@r2}
 w - a scroll of enchant armour
Potions
 c - 2 potions of heal wounds {@q2}
 d - a potion of ambrosia
 h - 2 potions of magic
 i - a potion of cancellation
 j - 3 potions of stabbing {@q5}
 k - 2 potions of might {@q3}
 m - 5 potions of flight
 p - 2 potions of brilliance
 v - 3 potions of invisibility
Comestibles
 e - 6 rations


   Skills:
 + Level 5.3 Fighting
 * Level 6.5 Long Blades
 + Level 5.3 Dodging
 + Level 5.3 Shields


You had 7 spell levels left.
You didn't know any spells.
Your spell library was empty.

Dungeon Overview and Level Annotations

Branches:
Dungeon (5/15)             Temple (1/1) D:4           Sewer (visited)

Altars:
Ashenzari
Makhleb
Qazlal
Ru
Sif Muna
Wu Jian
Xom
Yredelemnul
Jiyva


Innate Abilities, Weirdness & Mutations

You cannot wear most types of armour.
You are very stealthy in the water. (Stealth+)
You are amphibious.
You can wear up to eight rings at the same time.
You can use your tentacles to constrict eight enemies at once.
Your skin changes colour to match your surroundings (Stealth+).
Your rubbery body absorbs attacks. (AC +1, EV +1)


Message History

The orc wizard looks braver for a moment.
You block the orc wizard's attack.
You barely miss the orc wizard. Your grab misses the orc wizard.
The orc wizard hits you with a +0 dagger.
The orc wizard misses you.
You riposte.
You hit the orc wizard. Your grab misses the orc wizard.
You squeeze the orc wizard.
The orc wizard is moderately wounded.
You hit the orc wizard. Your grab misses the orc wizard.
The orc wizard is lightly wounded.
The orc wizard closely misses you.
You riposte.
You closely miss the orc wizard. Your grab misses the orc wizard.
The orc wizard is lightly wounded.
The orc wizard barely misses you.
You barely miss the orc wizard. You grab the orc wizard.
The orc wizard is moderately wounded.
You constrict the orc wizard.
The orc wizard hits you with a +0 dagger.
You block the orc wizard's attack.
You hit the orc wizard but do no damage.
You grab the orc wizard.
The orc wizard is lightly wounded.
You constrict the orc wizard. x2; The orc wizard closely misses you.
You block the orc wizard's attack.
You hit the orc wizard.
The orc wizard is moderately wounded.
You constrict the orc wizard. x2
The orc wizard gestures wildly while chanting.
The orc wizard seems to speed up.
The orc wizard hits you with a +0 dagger.
You slash the orc wizard! You squeeze the orc wizard.
You kill the orc wizard!
You constrict the orc wizard.
You kill the orc wizard!
A hound skeleton comes into view.
A hound skeleton is nearby!
A hound skeleton is nearby!
Things that are here:
a +0 dagger; a +0 robe; an orc corpse You slash the hound skeleton!
You grab the hound skeleton.
The hound skeleton is heavily damaged.
You constrict the hound skeleton. The hound skeleton bites you.
You hit the hound skeleton. You squeeze the hound skeleton.
The hound skeleton is almost destroyed.
You constrict the hound skeleton.
You destroy the hound skeleton!
No target in view!
No target in view!
No target in view!
No target in view!
A ball python comes into view.
A ball python is nearby!
A ball python is nearby!
A worker ant comes into view.
The ball python barely misses you. You block the ball python's attack.
You slash the ball python!
You kill the ball python!
Found a papyrus book.
Found 23 stones.
Found a black potion.
The helpless worker ant fails to defend itself.
You slash the worker ant! You grab the worker ant. You squeeze the worker ant.
You kill the worker ant!
No target in view!
No target in view!
A leopard gecko comes into view.
A leopard gecko is nearby!
A leopard gecko is nearby!
A centaur comes into view.
The centaur shouts!
The centaur wields a +0 shortbow.
The centaur shoots an arrow.
The arrow hits you!
You hear a bark!
You see here an arrow.
An adder comes into view.
The centaur shoots an arrow.
The arrow hits you!
* * * LOW HITPOINT WARNING * * *
You see here an arrow.
You are too injured to fight recklessly!
You are too injured to fight recklessly!
You are too injured to fight recklessly!
You are too injured to fight recklessly!
You are too injured to fight recklessly!
You are too injured to fight recklessly!
You are too injured to fight recklessly!
You are too injured to fight recklessly!
You are too injured to fight recklessly!
You are too injured to fight recklessly!
The centaur shoots an arrow.
You block the arrow.
The leopard gecko hisses angrily.
You see here an arrow.
The leopard gecko bites you but does no damage.
The centaur unwields a +0 shortbow.
The centaur hits you.
* * * LOW HITPOINT WARNING * * *
You see here an arrow.
You hit the centaur. Your squeeze misses the centaur.
The centaur is lightly wounded.
The leopard gecko closely misses you. The centaur hits you!
* * * LOW HITPOINT WARNING * * *
You block the leopard gecko's attack. The centaur hits you!
You die...

.... ...... ..... #.........
....... .....:... ........
...!#.... ........ ....#....
##....S. ........####.....#...
.. ........c@(.........## ...
......†.(.l....#.....##.?.
..............## .........
...........#...# .........
.....#.....##..###........ ...(
#.............)#....# ...
#.....#....#).)...... ..
...........##....$.#)......
...##.....####.#.....#...<###..


You could see a centaur and a leopard gecko.

Vanquished Creatures
  Pikel (D:4)
  Grinder (D:4)
  Edmund (D:4)
  2 crimson imps
  A bullfrog zombie (D:3)
  A hound (D:4)
  A bullfrog skeleton (D:4)
  2 worker ants
  3 orc wizards (D:5)
  A hound skeleton (D:5)
  7 adders
  6 oozes
  6 worms
  2 dart slugs
  6 leopard geckos
  3 orcs
  2 ball pythons
  13 bats
  6 giant cockroaches
  2 gnoll zombies (D:4)
  8 hobgoblins
  10 jackals
  4 kobolds
  2 quokkas
  8 frilled lizards
  4 goblins
  10 rats
113 creatures vanquished.

Notes
Turn   | Place    | Note
-------+----------+-------------------------------------------
     0 | D:1      | EnegeticOcto the Octopode Fighter began the quest for the
                  | Orb.
     0 | D:1      | Reached XP level 1. HP: 16/16 MP: 1/1
   158 | D:1      | Reached XP level 2. HP: 17/21 MP: 2/2
   693 | D:1      | Reached XP level 3. HP: 21/26 MP: 3/3
  1518 | D:2      | Reached skill level 3 in Long Blades
  1807 | D:2      | Reached XP level 4. HP: 31/31 MP: 4/4
  2318 | D:3      | Found a faded altar of an unknown god.
  2351 | D:3      | Found a glowing drain.
  2367 | Sewer    | Entered a sewer
  2514 | Sewer    | Reached XP level 5. HP: 35/36 MP: 5/5
  3802 | D:3      | Reached skill level 4 in Long Blades
  3802 | D:3      | Reached XP level 6. HP: 35/43 MP: 6/6
  4093 | D:3      | Found a shimmering altar of Xom.
  4093 | D:3      | Found a burning altar of Makhleb.
  4405 | D:4      | Noticed Grinder
  4408 | D:4      | Paralysed by Grinder for 6 turns
  4419 | D:4      | Killed Grinder
  4419 | D:4      | Reached XP level 7. HP: 20/49 MP: 7/7
  4649 | D:4      | Reached skill level 5 in Long Blades
  4704 | D:4      | Noticed Edmund
  4711 | D:4      | Killed Edmund
  4862 | D:4      | Found a stormy altar of Qazlal.
  4921 | D:4      | Found a staircase to the Ecumenical Temple.
  4929 | Temple   | Entered the Ecumenical Temple
  4960 | Temple   | Became a worshipper of Ru the Awakened
  4994 | D:4      | Noticed Pikel
  5008 | D:4      | Killed Pikel
  5008 | D:4      | Reached skill level 5 in Fighting
  5008 | D:4      | Reached skill level 6 in Long Blades
  5008 | D:4      | Reached skill level 5 in Dodging
  5008 | D:4      | Reached skill level 5 in Shields
  5008 | D:4      | Reached XP level 8. HP: 22/55 MP: 8/8
  5317 | D:4      | Found a basalt altar of Yredelemnul.
  5352 | D:5      | Entered Level 5 of the Dungeon
  5503 | D:5      | Slain by a centaur

Levels and vault maps discovered:
D:1:      scummos_arrival_hexagon, layout_basic
D:2:      layout_loops_ring
D:3:      layout_basic, grunt_temple_overflow_champion_of_chaos,
          portal_sewer_entry_d, chequers_ecumenical_altar_island
D:4:      layout_basic, kennysheep_mini, lemuel_zombie_altar_yredelemnul,
          minmay_temple_entry_statues_fountains, first_ration, uniq_grinder,
          uniq_pikel, uniq_edmund
D:5:      layout_cave_pools, serial_column_ruins, column_ruins_circle_medium,
          column_ruins_square_medium, column_ruins_open_small,
          column_ruins_columns_corner, column_ruins_grid_3,
          column_ruins_open_medium, elyvilon_altar_1
Temple:   pf_slime_end_temple

Skill      XL: |  1  2  3  4  5  6  7 |
---------------+----------------------+-----
Long Blades    | 3 4 6 |  6.5
Fighting       | 4 5 |  5.3
Shields        | 4 5 |  5.3
Dodging        | 4 5 |  5.3

Action                   |  1- 3 |  4- 6 |  7- 9 || total
-------------------------+-------+-------+-------++-------
Melee: Long sword        |    87 |    95 |    47 ||   229
       Tentacles         |    14 |    20 |     9 ||    43
       Constrict         |    24 |    29 |    14 ||    67
  Use: Scroll            |       |    17 |     2 ||    19
 Stab: Sleeping          |     7 |     9 |     4 ||    20
  Eat: Chunk             |     3 |    19 |     2 ||    24
Armor: Skin              |     4 |     5 |     3 ||    12
Dodge: Dodged            |    27 |    53 |    16 ||    96
Block: Kite shield       |    35 |    34 |    18 ||    87
       Rpst.: Long sword |     6 |    18 |     5 ||    29

Table legend:
 A = Non-vault XP
 B = Vault XP
 C = Vault XP percentage of total XP
 D = Non-vault monster count
 E = Vault monster count
 F = Vault count percentage of total count
                 A         B        C        D         E       F
            +---------+---------+-------+---------+---------+-------
      Total |     578 |    1203 |  67.5 |      83 |      30 |  26.5
            +---------+---------+-------+---------+---------+-------
        D:1 |      42 |       0 |   0.0 |      23 |       0 |   0.0
        D:2 |      62 |       0 |   0.0 |      28 |       0 |   0.0
        D:3 |     116 |      64 |  35.6 |      17 |       2 |  10.5
        D:4 |     137 |    1050 |  88.5 |       6 |       5 |  45.5
        D:5 |     221 |       0 |   0.0 |       9 |       0 |   0.0
      Sewer |       0 |      89 | 100.0 |       0 |      23 | 100.0
            +---------+---------+-------+---------+---------+-------
